 Dungeon Crawl Stone Soup version 0.20.0-10-g0535bb4 (webtiles) character file.

77 Gorglomux the Ruffian (level 4, -7/45 HPs)
             Began as a Troll Monk on June 5, 2017.
             Killed from afar by an orc wizard (10 damage)
             ... with a puff of frost
             ... on level 4 of the Dungeon.
             The game lasted 00:02:49 (918 turns).

Gorglomux the Ruffian (Troll Monk)                   Turns: 918, Time: 00:02:50

Health: -7/45      AC:  8    Str: 19    XL:     4   Next: 13%
Magic:  3/3        EV: 10    Int:  6    God:
Gold:   96         SH:  0    Dex: 13    Spells: 3/3 levels left

rFire    . . .     SeeInvis .     - Unarmed
rCold    . . .     Gourm    +   (no shield)
rNeg     . . .     Faith    .   a - +0 robe
rPois    .         Spirit   .   (helmet restricted)
rElec    .         Reflect  .   d - +0 cloak
rCorr    .         Harm     .   (gloves unavailable)
MR       .....     Clarity  +   (boots unavailable)
Stlth    ++........             (no amulet)
Regen    0.6/turn               (no ring)
MPRegen  0.1/turn               (no ring)

@: flying, hasted, very quick
A: unfitting armour, claws 3, molten scales 1, clarity, fast metabolism 3,
gourmand, regeneration 1, screaming 1, shaggy fur 1, tough skin 2
a: no special abilities


You were on level 4 of the Dungeon.
You were very full.

You visited 1 branch of the dungeon, and saw 4 of its levels.

You collected 96 gold pieces.

Inventory:

Armour
 a - a +0 robe (worn)
 d - a +0 cloak (worn)
Jewellery
 i - an uncursed ring of resist corrosion {unknown}
Scrolls
 j - a scroll of magic mapping {unknown}
 k - a scroll of amnesia {unknown}
Potions
 c - 2 potions of mutation
Comestibles
 b - 2 bread rations
 l - 6 chunks of flesh
 m - 4 fruits


   Skills:
 + Level 3.3 Fighting
 - Level 2.4 Dodging
 - Level 1.0 Stealth
 + Level 4.1 Unarmed Combat


You had 3 spell levels left.
You didn't know any spells.

Dungeon Overview and Level Annotations

Branches:
Dungeon (4/15)
 Temple: D:4-7

Altars:
Ashenzari

Annotations:
D:3 Grinder


Innate Abilities, Weirdness & Mutations

You are too large for most types of armour.
You have claws for hands.
Your metabolism is lightning-fast.
You like to eat raw meat.
Your natural rate of healing is unusually fast.
You are covered in fur. (AC +1)
You have very tough skin. (AC +2)
You are partially covered in molten scales. (AC +2)
You possess an exceptional clarity of mind.
You occasionally shout uncontrollably at your foes.


Message History

Unknown command.
Unknown command.
It was a potion of flight.
You feel very buoyant.
You fly up into the air.
The orc wizard hits you but does no damage.
The orc misses you.
The orc wizard hits you but does no damage.
It was a potion of haste.
You feel yourself speed up.
The orc wizard hits you but does no damage.
The orc closely misses you. The orc hits you with a mace.
* * * LOW HITPOINT WARNING * * *
The leopard gecko hisses menacingly.
The orc wizard casts a spell.
The orc wizard flickers and vanishes!
Deactivating autopickup; reactivate with Ctrl-A.
The orc wizard points at you and mumbles some strange words.
The puff of frost hits you!
You die...

#.# ####.# ..#.# #.#.#
#####.#.###########.#
..........o.†....##.#
#......o#####.##.##.###
#.###g#.# #.........#
#.#.# ####@##.#.#
#.#.########.##.#.###.#
#.......oolo....>.....#
###...{.g..o...<#.###
##########......#
#####..# ..# .$# ..#


You could see an orc wizard and an orc.

Vanquished Creatures
  A gnoll (D:1)
  2 adders
  An ooze (D:2)
  A worm (D:3)
  2 dart slugs (D:2)
  A ball python (D:2)
  A giant cockroach (D:2)
  3 goblins
  5 jackals
  7 kobolds
  2 quokkas
  6 bats
  3 frilled lizards
  3 rats
38 creatures vanquished.

Notes
Turn   | Place    | Note
-------+----------+-------------------------------------------
     0 | D:1      | Gorglomux the Troll Monk began the quest for the Orb.
     0 | D:1      | Reached XP level 1. HP: 22/22 MP: 0/0
     1 | D:1      | Noticed an electric eel
   113 | D:1      | Reached XP level 2. HP: 29/29 MP: 1/1
   305 | D:2      | Found a shattered altar of Ashenzari.
   320 | D:2      | Reached XP level 3. HP: 32/36 MP: 2/2
   325 | D:2      | Reached skill level 3 in Fighting
   715 | D:2      | Noticed a phantom
   791 | D:3      | Reached skill level 4 in Unarmed Combat
   862 | D:3      | Noticed Grinder
   893 | D:4      | Reached XP level 4. HP: 9/45 MP: 3/3
   909 | D:4      | Gained mutation: You are partially covered in molten scales. (AC +2) [potion of mutation]
   909 | D:4      | Gained mutation: You occasionally shout uncontrollably at your foes. [potion of mutation]
   909 | D:4      | Gained mutation: You possess an exceptional clarity of mind. [potion of mutation]
   909 | D:4      | HP: 1/45 [orc wizard/dagger (3)]
   914 | D:4      | HP: 1/45 [orc/mace (2)]
   918 | D:4      | Killed from afar by an orc wizard

Skill      XL: |  1  2  3 |
---------------+----------+-----
Fighting       | 3 |  3.3
Unarmed Combat | 4 |  4.1
Dodging        | |  2.4
Stealth        | |  1.0

Action                   |  1- 3 |  4- 6 || total
-------------------------+-------+-------++-------
Melee: Unarmed           |   122 |     1 ||   123
       Punch             |     1 |       ||     1
  Use: Potion            |       |     3 ||     3
 Stab: Sleeping          |     1 |       ||     1
  Eat: Chunk             |    13 |       ||    13
Armor: Robe              |    67 |     3 ||    70
Dodge: Dodged            |    98 |     6 ||   104
